 Dungeon Crawl Stone Soup version 0.18.1-5-g4a78601 (webtiles) character file.

115 manyhoops the Chopper (level 4, 0/35 HPs)
             Began as a Mummy Gladiator on May 12, 2016.
             Slain by a worm (8 damage)
             ... on level 2 of the Dungeon.
             The game lasted 00:01:57 (907 turns).

manyhoops the Chopper (Mummy Gladiator)              Turns: 907, Time: 00:01:58

Health: 0/35       AC: 12    Str: 19    XL:     4   Next: 68%
Magic:  4/4        EV:  6    Int:  7    God:
Gold:   102        SH:  0    Dex: 12    Spells: 0 memorised, 3 levels left

rFire  x . .     SeeInvis .     a - +0 war axe
rCold  + . .     Gourm    .     j - +0 plate armour
rNeg   + + +     Faith    .     (no shield)
rPois  ∞         Spirit   .     c - +0 helmet
rElec  .         Dismiss  .     e - +0 cloak
rCorr  .         Reflect  .     (no gloves)
SustAt .         Harm     .     (no boots)
MR     .....                    (no amulet)
Stlth  ..........               (no ring)
                                (no ring)

@: not resistant to hostile enchantments, extremely unstealthy
A: no food or potions, fire vulnerability, cold resistance 1, negative energy
resistance 3, torment resistance, unbreathing
a: no special abilities


You were on level 2 of the Dungeon.
You were not hungry.

You visited 1 branch of the dungeon, and saw 2 of its levels.

You collected 102 gold pieces.

Inventory:

Hand Weapons
 a - a +0 war axe (weapon)
Missiles
 d - 4 throwing nets (quivered)
Armour
 b - a +0 leather armour
 c - a +0 helmet (worn)
 e - a +0 cloak (worn)
 i - a +0 ring mail
 j - a +0 plate armour (worn)
Scrolls
 f - 3 scrolls of identify {unknown}
 g - 4 scrolls of fog {unknown}
 h - a scroll of recharging {unknown}
 k - a scroll of noise {unknown}


   Skills:
 + Level 3.0 Fighting
 + Level 3.8 Axes
 - Level 1.5 Throwing
 + Level 1.0 Armour
 - Level 2.4 Dodging


You had 3 spell levels left.
You didn't know any spells.

Dungeon Overview and Level Annotations

Branches:
Dungeon (2/15)

Altars:
Gozag
Vehumet


Innate Abilities, Weirdness & Mutations

You do not eat or drink.
Your flesh is vulnerable to fire.
You are immune to poison.
Your flesh is cold resistant.
You are immune to negative energy.
You are immune to unholy pain and torment.
You can survive without breathing.


Message History

You closely miss the hobgoblin.
The hobgoblin hits you but does no damage.
You slash the hobgoblin!
You kill the hobgoblin!
You hit the worm.
The worm is lightly wounded.
The worm barely misses you.
You completely miss the worm.
The worm is lightly wounded.
Your plate armour prevents you from hitting the worm.
The worm is lightly wounded.
The worm barely misses you.
You hit the worm.
The worm is moderately wounded.
The worm bites you.
* * * LOW HITPOINT WARNING * * *
Your plate armour prevents you from hitting the worm.
The worm is lightly wounded.
The worm bites you!
You die...

#....# #)# #.##.# #.##
#.##.# #..) ## #.##.#
#.## ... #.##.### #.#
.... #......# #.# .....
#..###.#######.#
......####..# #.........#
......†.w@..###.#########
...?..#####.....# .....
####### .... ##. #


You could see a worm.

Vanquished Creatures
  Ijyb (D:2)
  Jessica (D:2)
  Natasha (D:2)
  An ooze (D:1)
  A worm (D:2)
  A bat (D:1)
  2 giant cockroaches
  4 goblins
  7 hobgoblins
  A quokka (D:2)
  4 giant newts
  4 kobolds
  5 rats
33 creatures vanquished.

Notes
Turn   | Place    | Note
--------------------------------------------------------------
     0 | D:1      | manyhoops the Mummy Gladiator began the quest for the Orb.
     0 | D:1      | Reached XP level 1. HP: 16/16 MP: 1/1
   216 | D:1      | Reached XP level 2. HP: 12/22 MP: 2/2
   634 | D:2      | Found a radiant altar of Vehumet.
   672 | D:2      | Noticed Jessica
   677 | D:2      | Noticed Ijyb
   677 | D:2      | Killed Jessica
   677 | D:2      | Reached XP level 3. HP: 23/28 MP: 3/3
   699 | D:2      | Killed Ijyb
   699 | D:2      | Reached XP level 4. HP: 32/34 MP: 4/4
   764 | D:2      | Found an opulent altar of Gozag.
   873 | D:2      | Noticed Natasha
   883 | D:2      | Killed Natasha
   883 | D:2      | Reached skill level 1 in Armour
   907 | D:2      | Slain by a worm

Skill      XL: |  1  2  3  4 |
---------------+-------------+-----
Axes           | 3 |  3.8
Fighting       | 3 |  3.0
Armour         | 1 |  1.0
Throwing       | |  1.5
Dodging        | |  2.4

Action                   |  1- 3 |  4- 6 || total
-------------------------+-------+-------++-------
Melee: War axe           |    81 |    50 ||   131
Armor: Leather armour    |    10 |       ||    10
       Plate armour      |    37 |    27 ||    64
       Ring mail         |     6 |       ||     6
Dodge: Dodged            |    37 |    15 ||    52
